 Dungeon Crawl Stone Soup version 0.23-a0-636-g0ff6057 (webtiles) character file.

660649 Lavandula the Eclecticist (level 27, -9/183 HPs)
             Began as a Halfling Enchanter on Dec 24, 2018.
             Was the Champion of Vehumet.
             Mangled by a titan (24 damage)
             ... in Pandemonium on Dec 28, 2018.
             The game lasted 06:46:42 (37794 turns).

Lavandula the Eclecticist (Halfling Enchanter)     Turns: 37794, Time: 06:46:43

Health: -9/183     AC: 21    Str:  9    XL:     27
Magic:  6/44       EV: 29    Int: 22    God:    Vehumet [******]
Gold:   1359       SH:  0    Dex: 25    Spells: 6/61 levels left

rFire    + . .     SeeInvis +   I - staff of energy
rCold    . . .     Gourm    .   (shield currently unavailable)
rNeg     + + .     Faith    .   H - +4 troll leather armour
rPois    .         Spirit   .   w - +2 helmet {SInv}
rElec    .         Reflect  .   E - +2 cloak {MR+}
rCorr    .         Harm     .   t - +0 pair of gloves (curse)
MR       +++++     Rnd*Tele +   L - +1 pair of boots {Stlth+}
Stlth    +++++.....             f - amulet of regeneration
HPRegen  1.20/turn              S - ring "Nuodoer" {rF+ MR++ AC+3}
MPRegen  0.29/turn              A - ring "Neegeury" {*Corrode rN++ Dex+6 Stlth+}

@: about to teleport, frozen, deflect missiles, very slow
A: small, blurry vision 1, mutation resistance 1, teleportitis 1, subdued magic
1
}: 8/15 runes: serpentine, barnacled, slimy, silver, glowing, magical, fiery,
dark
a: Renounce Religion


You were in Pandemonium.
You worshipped Vehumet.
Vehumet was exalted by your worship.
You were not hungry.

You visited 10 branches of the dungeon, and saw 50 of its levels.
You visited Pandemonium 1 time, and saw 17 of its levels.
You visited 1 ziggurat, and saw 6 of its levels.
You also visited: Sewer and Bailey.

You collected 6309 gold pieces.
You spent 4950 gold pieces at shops.

Inventory:

Hand Weapons
 m - a +6 dagger of venom
 v - the +8 long sword "Voha" {venom, rElec rN+ Int+3 Dex-5}
   (You took it off a balrug in Pandemonium)

   It poisons the flesh of those it strikes.
   It affects your intelligence (+3).
   It affects your dexterity (-5).
   It insulates you from electricity.
   It protects you from negative energy.
 G - a +8 demon blade of electrocution
Missiles
 U - 3 throwing nets (quivered)
Armour
 t - a cursed +0 pair of gloves (worn)
 u - a scarf of cloud immunity
 w - a +2 helmet of see invisible (worn)
 z - the +3 fire dragon scales of the Purple Skies {rF++ rC- Regen+}
   (You found it in Pandemonium)

   It greatly protects you from fire.
   It makes you vulnerable to cold.
   It increases your rate of regeneration.
 E - a +2 cloak of magic resistance (worn)
 H - a +4 troll leather armour (worn)
 L - a +1 pair of boots of stealth (worn)
 O - a +3 buckler of fire resistance
 V - +0 ice dragon scales
Magical Staves
 I - an uncursed staff of energy (weapon)
Jewellery
 b - an uncursed ring of poison resistance
 f - an amulet of regeneration (around neck)
 r - the amulet of the Four Winds {rN+ MR+++ Clar}
   (You found it on level 5 of the Pits of Slime)

   [amulet of nothing]

   It protects you from negative energy.
   It affects your resistance to hostile enchantments.
   It protects you against confusion.
 A - the ring "Neegeury" (right hand) {*Corrode rN++ Dex+6 Stlth+}
   (You took it off a deep elf annihilator on level 4 of the Depths)

   [ring of dexterity]

   It affects your dexterity (+6).
   It greatly protects you from negative energy.
   It may corrode you when you take damage.
   It makes you more stealthy.
 J - the ring of Panentheism {*Contam rF+ rC+ Int+4}
   (You acquired it on level 2 of the Lair of Beasts)

   [ring of protection from cold]

   It affects your intelligence (+4).
   It protects you from fire.
   It protects you from cold.
   It causes magical contamination when unequipped.
 S - the ring "Nuodoer" (left hand) {rF+ MR++ AC+3}
   (You took it off a red devil on level 6 of the Lair of Beasts)

   [ring of protection]

   It affects your AC (+3).
   It protects you from fire.
   It affects your resistance to hostile enchantments.
 X - an uncursed ring of resist corrosion
Wands
 g - a wand of iceblast (27)
 n - a wand of clouds (14)
 K - a wand of paralysis (27)
 T - a wand of digging (19)
 Y - a wand of acid (14)
Scrolls
 a - 3 scrolls of blinking
 c - 9 scrolls of teleportation
 h - a scroll of immolation
 o - 3 scrolls of identify
 D - a scroll of summoning
 F - 16 scrolls of remove curse
 P - 9 scrolls of magic mapping
 R - a scroll of silence
 W - a scroll of fog
 Z - a scroll of holy word
Potions
 i - 5 potions of brilliance
 j - 7 potions of might
 k - 3 potions of heal wounds
 l - 6 potions of invisibility
 q - 6 potions of curing
 C - a potion of cancellation
 M - a potion of ambrosia
 N - 6 potions of agility
 Q - a potion of magic
Miscellaneous
 e - 3 boxes of beasts
 p - a lamp of fire
 s - 2 phantom mirrors
 x - a lightning rod (4/4)
 y - a phial of floods
 B - a sack of spiders
Comestibles
 d - 43 rations


   Skills:
 - Level 14.2 Fighting
 - Level 10.2(13.9) Short Blades
 - Level 13.1(14.0) Long Blades
 - Level 4.6 Armour
 - Level 13.4 Dodging
 - Level 3.2 Stealth
 - Level 5.6 Shields
 + Level 17.7 Spellcasting
 - Level 13.5 Conjurations
 - Level 5.0 Hexes
 - Level 5.0 Charms
 - Level 16.9 Summonings
 - Level 3.3 Necromancy
 - Level 9.0 Translocations
 - Level 3.0 Transmutations
   Level 4.6 Ice Magic
 - Level 6.7 Air Magic
 - Level 11.3 Earth Magic
   Level 3.1 Poison Magic
 - Level 5.6 Evocations


You had 6 spell levels left.
You knew the following spells:

 Your Spells              Type           Power        Failure   Level  Hunger
a - Deflect Missiles      Chrm/Air       ####......   41%         6    None
b - Lehudib's Crystal Sp  Conj/Erth      ######....   32%         8    None
c - Animate Skeleton      Necr           N/A          1%          1    None
d - Summon Small Mammal   Summ           ####         0%          1    None
e - Passage of Golubria   Tloc           N/A          1%          4    None
f - Blink                 Tloc           N/A          1%          2    None
g - Apportation           Tloc           #####.       1%          1    None
h - Malign Gateway        Summ/Tloc      ######....   12%         7    None
i - Spellforged Servitor  Conj/Summ      ######....   1%          7    None
k - Irradiate             Conj/Tmut      #####.....   1%          5    None
l - Shroud of Golubria    Chrm/Tloc      #####.....   1%          2    None
m - Regeneration          Chrm/Necr      ####......   1%          3    None
n - Spectral Weapon       Hex/Chrm       ####....     1%          3    None
o - Summon Lightning Spi  Summ/Air       ######..     1%          4    None
p - Summon Butterflies    Summ           ######..     0%          1    None

Your spell library contained the following spells:

 Spells                   Type           Power        Failure   Level  Hunger
 Ignition                 Fire           ###.......   100%        8    None
 Fire Storm               Conj/Fire      #####.....   100%        9    None
 Magic Dart               Conj           ####         0%          1    None
 Sandblast                Erth           ######       0%          1    None
 Call Imp                 Summ           ######..     0%          2    None
 Searing Ray              Conj           ######       0%          2    None
 Call Canine Familiar     Summ           ######..     0%          3    None
 Beastly Appendage        Tmut           ####..       1%          1    None
 Confusing Touch          Hex            ####..       1%          1    None
 Corona                   Hex            ####...      1%          1    None
 Freeze                   Ice            ####         1%          1    None
 Infusion                 Chrm           ####         1%          1    None
 Sting                    Conj/Pois      ####         1%          1    None
 Corpse Rot               Necr           N/A          1%          2    None
 Ensorcelled Hibernation  Hex/Ice        ####..       1%          2    None
 Passwall                 Tmut/Erth      #####...     1%          2    None
 Poisonous Vapours        Pois/Air       ####..       1%          2    None
 Slow                     Hex            ####....     1%          2    None
 Song of Slaying          Chrm           ####....     1%          2    None
 Sticks to Snakes         Tmut           ####....     1%          2    None
 Sublimation of Blood     Necr           ####......   1%          2    None
 Swiftness                Chrm/Air       ####....     1%          2    None
 Throw Frost              Conj/Ice       #####.       1%          2    None
 Confuse                  Hex            ####....     1%          3    None
 Conjure Flame            Conj/Fire      #####...     1%          3    None
 Dazzling Spray           Conj/Hex       #####.       1%          3    None
 Gell's Gravitas          Tloc           #####.....   1%          3    None
 Ignite Poison            Fire/Tmut/Pois ###.....     1%          3    None
 Inner Flame              Hex/Fire       ###.....     1%          3    None
 Lesser Beckoning         Tloc           #####.....   1%          3    None
 Mephitic Cloud           Conj/Pois/Air  #####...     1%          3    None
 Ozocubu's Armour         Chrm/Ice       ####....     1%          3    None
 Portal Projectile        Hex/Tloc       #####.       1%          3    None
 Recall                   Summ/Tloc      N/A          1%          3    None
 Summon Guardian Golem    Hex/Summ       ######..     1%          3    None
 Teleport Other           Tloc           #####...     1%          3    None
 Tukima's Dance           Hex            ####....     1%          3    None
 Vampiric Draining        Necr           ####......   1%          3    None
 Force Lance              Conj/Tloc      ######..     1%          4    None
 Fulminant Prism          Conj/Hex       #####.....   1%          4    None
 Iskenderun's Mystic Bla  Conj           ######..     1%          4    None
 Leda's Liquefaction      Hex/Erth       #####.....   1%          4    None
 Petrify                  Tmut/Erth      #####...     1%          4    None
 Summon Ice Beast         Ice/Summ       ######..     1%          4    None
 Throw Icicle             Conj/Ice       #####...     1%          4    None
 Aura of Abjuration       Summ           ######....   1%          5    None
 Bolt of Draining         Conj/Necr      #####.....   1%          5    None
 Fireball                 Conj/Fire      #####.....   1%          5    None
 Lee's Rapid Deconstruct  Erth           ######....   1%          5    None
 Summon Demon             Summ           ######....   1%          5    None
 Summon Forest            Summ/Tloc      ######....   1%          5    None
 Summon Mana Viper        Hex/Summ       ######..     1%          5    None
 Venom Bolt               Conj/Pois      #####.....   1%          5    None
 Shadow Creatures         Summ           N/A          1%          6    None
 Spider Form              Tmut/Pois      ####......   2%          3    None
 Olgreb's Toxic Radiance  Pois           ####....     2%          4    None
 Cause Fear               Hex            ####......   3%          4    None
 Borgnjor's Vile Clutch   Necr/Erth      #####.....   3%          5    None
 Bolt of Cold             Conj/Ice       #####.....   3%          6    None
 Yara's Violent Unravell  Hex/Tmut       ####......   4%          5    None
 Freezing Cloud           Conj/Ice/Air   #####.....   4%          6    None
 Ice Form                 Ice/Tmut       ####....     6%          4    None
 Silence                  Hex/Air        #####.....   7%          5    None
 Bolt of Fire             Conj/Fire      #####.....   9%          6    None
 Metabolic Englaciation   Hex/Ice        ####......   12%         5    None
 Excruciating Wounds      Chrm/Necr      ####......   16%         5    None
 Ozocubu's Refrigeration  Ice            ####......   19%         6    None
 Agony                    Necr           ####....     22%         5    None
 Dispel Undead            Necr           ####....     22%         5    None
 Alistair's Intoxication  Tmut/Pois      ####....     24%         5    None
 Blade Hands              Tmut           ####......   24%         5    None
 Darkness                 Hex            ####......   52%         6    None
 Invisibility             Hex            ####....     52%         6    None
 Simulacrum               Ice/Necr       ####......   67%         6    None
 Death Channel            Necr           ####......   77%         6    None
 Monstrous Menagerie      Summ           ######....   1%          7    None
 Summon Greater Demon     Summ           ######....   1%          7    None
 Summon Hydra             Summ           ######....   1%          7    None
 Summon Horrible Things   Summ           ######....   19%         8    None
 Haunt                    Necr/Summ      #####.....   38%         7    None
 Ring of Flames           Chrm/Fire      ###.......   100%        7    None
 Discord                  Hex            ####......   100%        8    None


Dungeon Overview and Level Annotations

Branches:
Dungeon (15/15)            Temple (0/1) D:6            Lair (6/6) D:10
 Shoals (4/4) Lair:2        Snake (4/4) Lair:4        Slime (5/5) Lair:5
    Orc (2/2) D:12            Elf (0/3) Orc:2        Vaults (5/5) D:13
  Crypt (3/3) Vaults:3       Tomb (1/3) Crypt:3      Depths (5/5) D:15
    Zot (0/5) Depths:5

Altars:
Elyvilon
Fedhas
Kikubaaqudgha
Makhleb
Okawaru
Vehumet
Beogh
Jiyva

Shops:
D:6 :   D:10 =   D:11 %   D:14 [   Orc:2 (}?*   Shoals:2 *   Snake:3 *
Vaults:2 ?   Depths:1 *=%!   Depths:5 *

Portals:
Hell: Lair:6 Depths:1 Depths:2 Depths:3 Depths:4
Abyss: Depths:4
Pandemonium: Orc:2 Depths:3

Annotations:
D:3 2 runed doors, Thaneod's ghost, weakling DEIE
D:13 vault
Shoals:3 Polyphemus
Orc:2 1 runed door, exclusion: orange crystal statue
Crypt:3 2 transporters, Hah Honi's ghost, adept GrFi
Pan Lom Lobon


Innate Abilities, Weirdness & Mutations

You are small and have problems with some larger weapons.
You are somewhat resistant to further mutation.
Scrolls take you a little longer to read.
You are occasionally teleported next to monsters.
Your spells are a little easier to cast, but a little less powerful.


Message History

Lom Lobon gestures at you.
Lom Lobon conjures a mighty blast of ice!
The great icy blast engulfs you!
You are encased in ice.
The great icy blast engulfs the titan.
The titan is flash-frozen.
The titan is engulfed in freezing vapours.
The titan hits you!!
* * * LOW HITPOINT WARNING * * *
As you read the scroll of teleportation, it crumbles to dust.
You feel strangely unstable.
Unknown command.
You pick up the magical rune and feel its power.
You now have 8 runes.
Press } to see all the runes you have collected.
You are engulfed in freezing vapours.
* * * LOW HITPOINT WARNING * * *
Lom Lobon blinks!
The titan is engulfed in freezing vapours.
The titan hits you!!
You die...

≈≈≈≈##...≈≈...
≈≈≈≈###[.≈....
≈≈≈## ...... ###
≈≈≈# ##.# ≈≈##
##..# ##### ..§#
###...###.§#
##§......##C#
#§§.[.....#@#
##§§..§§§§§§## #
#§w8..§§*§§§## ##
##§§§.&§§.w§§.#
≈###&§§§§§...§§§.#
§§#§§*§§§.§...§§.#
≈§§§§*§§§.§......#
§§§§#§§§§§.......#
§§§##§§§§§§§....##


You could see Lom Lobon (invisible), a titan and a friendly eldritch tentacle.

Vanquished Creatures
  Cerebov (Pan)
  the Royal Jelly (Slime:5)
  A juggernaut (Depths:4)
  4 ancient liches
  Mennas (Depths:4)
  Sojobo (Vaults:3)
  Frederick (Crypt:3)
  2 pandemonium lords (Pan)
  2 caustic shrikes
  3 golden dragons
  Nikola (Snake:1)
  2 Brimstone Fiends (Pan)
  Rupert (Lair:3)
  6 tentacled monstrosities
  An Ice Fiend (Pan)
  4 titans
  2 liches
  A quicksilver dragon (Vaults:5)
  6 sphinxes
  9 Executioners (Pan)
  19 acid blobs
  An ancient champion (Crypt:3)
  A shadow dragon (Depths:2)
  8 tengu reavers
  Kirke (Shoals:3)
  4 fire giants
  An orc warlord (Depths:4)
  12 azure jellies
  3 revenants (Crypt:3)
  A blood saint (Pan)
  6 nagarajas (Snake:4)
  3 frost giants
  2 cacodemons (Pan)
  4 iron dragons
  A curse skull (Crypt:3)
  A draconian scorcher (Depths:1)
  7 vault wardens
  10 balrugs (Pan)
  4 draconian annihilators
  2 ghouls
  A reaper (Pan)
  4 ironheart preservers
  A spriggan defender (Depths:4)
  12 stone giants
  A war gargoyle (Vaults:5)
  17 very ugly things
  2 entropy weavers
  4 vampire knights
  2 red draconians (Depths:5)
  3 deep elf annihilators
  A deep elf demonologist (Depths:4)
  A dire elephant (Lair:6)
  2 lorocyprocas (Pan)
  A green draconian (Depths:5)
  5 spark wasps
  3 merfolk javelineers
  A green death (Pan)
  4 death oozes (Slime:5)
  A blizzard demon (Pan)
  8 ettins
  A deep elf death mage (Crypt:1)
  8 merfolk impalers
  9 great orbs of eyes
  12 fire dragons
  11 yaktaur captains
  3 ogre magi
  85 slime creatures
  A deep elf high priest (Vaults:5)
  10 naga warriors
  32 vault guards
  3 rakshasas
  4 monstrous demonspawn (Pan)
  A catoblepas (D:14)
  6 ice dragons
  6 hydras
  6 centaur warriors
  4 anacondas
  A death knight (Vaults:3)
  2 death yaks (Shoals:3)
  A tengu warrior (Depths:2)
  2 merfolk avatars (Shoals:4)
  12 two-headed ogres
  2 vampire magi
  4 satyrs
  3 deep troll shamans
  4 deep troll earth magi
  2 spriggan berserkers
  3 shock serpents
  8 orc high priests
  12 large abominations (Pan)
  10 naga sharpshooters
  17 sun demons
  4 soul eaters (Pan)
  6 deep elf knights
  Nergalle (Lair:3)
  2 skeletal warriors
  6 sixfirhies
  5 sea snakes
  5 unseen horrors
  A shadow demon (Pan)
  6 shadow wraiths
  2 flayed ghosts
  7 deep trolls
  2 iron trolls (Depths:3)
  A spectral anaconda (Snake:3)
  3 glowing orange brains
  A salamander mystic (Snake:4)
  A deep troll (shapeshifter) (Depths:4)
  4 deep elf archers
  A torturous demonspawn (Orc:2)
  A kraken simulacrum (Shoals:4)
  5 wizards
  4 gelid demonspawn
  4 harpies
  4 naga ritualists
  7 orc knights
  3 ironbrand convokers
  A phantasmal warrior (Vaults:3)
  A necromancer (Crypt:1)
  21 ugly things
  2 shining eyes (Slime:5)
  2 fauns
  3 mana vipers
  10 orc sorcerers
  2 wolf spiders
  18 manticores
  7 deep elf magi
  A moth of wrath (Zig:3)
  2 moths of wrath (shapeshifter)
  7 cyclopes
  11 salamanders
  2 eyes of devastation (Slime:5)
  2 merfolk sirens
  2 guardian serpents (Snake:4)
  A stone giant skeleton (Pan)
  An iron dragon skeleton (Crypt:1)
  6 vault sentinels
  17 naga magi
  3 water nymphs
  11 elephants
  A guardian serpent (shapeshifter) (Depths:4)
  A torpor snail (Zig:4)
  25 black mambas
  A fire giant skeleton (Pan)
  4 orange demons
  7 smoke demons (Pan)
  3 gargoyles
  7 spiny frogs
  3 centaur zombies
  3 rime drakes
  6 komodo dragons
  A torpor snail (shapeshifter) (Depths:4)
  22 yaktaurs
  3 kobold demonologists
  2 freezing wraiths
  6 efreet
  5 hellwings
  A queen bee (shapeshifter) (Depths:2)
  A white draconian skeleton (Crypt:2)
  A death yak skeleton (Crypt:3)
  4 spectral nagas (Snake:3)
  6 red devils
  A polar bear (shapeshifter) (D:13)
  20 merfolk
  2 queen bees
  A red draconian skeleton (Crypt:1)
  2 ice devils
  10 trolls
  5 wind drakes
  A polar bear (Lair:3)
  A wolf spider simulacrum (D:13)
  A hornet (D:12)
  A raiju (Zig:5)
  8 blink frogs
  8 dream sheep
  14 hippogriffs
  An ettin zombie (Crypt:1)
  A snapping turtle (Shoals:2)
  A fire dragon skeleton (Crypt:3)
  A redback (shapeshifter) (Vaults:5)
  2 ice dragon skeletons (Pan)
  5 flying skulls (Crypt:3)
  2 ettin skeletons (Pan)
  14 water elementals
  2 ynoxinuls
  22 yaks
  A guardian serpent skeleton (Crypt:2)
  4 redbacks
  2 spriggans (Lair:3)
  7 wraiths
  A shadow (D:13)
  2 wyverns
  3 chaos spawn
  2 basilisks
  4 hogs (Shoals:3)
  8 golden eyes
  A human simulacrum (Vaults:3)
  12 vampire mosquitoes
  3 hungry ghosts
  A monstrous demonspawn zombie (Crypt:3)
  3 acid dragons
  2 wargs
  12 water moccasins
  A spiny frog zombie (Crypt:1)
  7 hell hounds
  24 nagas
  4 porcupines
  An ice beast (D:9)
  46 orc warriors
  A porcupine (shapeshifter) (Vaults:5)
  2 phantoms
  7 eyes of draining
  2 sky beasts
  3 black bears
  19 ogres
  4 wolves
  A rime drake zombie (Crypt:3)
  A wolf (shapeshifter) (Depths:2)
  12 centaurs
  A blink frog skeleton (Crypt:1)
  8 crocodiles
  4 big kobolds
  An earth elemental (Zig:4)
  18 bullfrogs
  2 wyvern zombies
  A wyvern skeleton (D:12)
  A scorpion (D:13)
  49 killer bees
  A wight (D:13)
  2 electric eels
  7 howler monkeys
  4 crimson imps
  A bullfrog zombie (D:7)
  A quasit (D:14)
  4 bullfrog skeletons
  7 hounds
  21 orc wizards
  7 centaur skeletons
  30 orc priests
  4 iguanas
  Natasha (twice) (D:3)
  3 naga simulacra (Snake:3)
  7 worker ants
  A demigod skeleton (Crypt:3)
  An ogre skeleton (Pan)
  A hound zombie (D:9)
  A hound skeleton (D:6)
  A worker ant zombie (D:5)
  2 gnolls (D:8)
  20 adders
  A river rat (shapeshifter) (Depths:2)
  2 shadow imps (D:6)
  6 oozes
  2 adder zombies
  An iguana zombie (Crypt:3)
  3 adder skeletons
  5 worms
  9 leopard geckos
  105 orcs
  A bat skeleton (Crypt:3)
  15 giant cockroaches
  6 goblins
  4 hobgoblins (D:1)
  4 jackals
  6 quokkas
  8 ball pythons
  A ball python skeleton (Crypt:1)
  4 bats
  17 frilled lizards
  A goblin skeleton (Crypt:2)
  18 kobolds
  A quokka zombie (D:6)
  5 rats
  A bush (Lair:6)
  5 plants
  4 spectral weapons
  A tentacle (Shoals:4)
1610 creatures vanquished.

Vanquished Creatures (collateral kills)
  Mnoleg (Pan)
  A juggernaut (Depths:4)
  3 golden dragons
  4 Tzitzimimeh (Pan)
  2 pandemonium lords (Pan)
  A Brimstone Fiend (Pan)
  A hellephant (Pan)
  A bone dragon (Crypt:3)
  A lich (Crypt:3)
  An electric golem (Zig:5)
  3 tentacled monstrosities
  The ghost of KatCrap the Warrior, an adept CeAM of Jiyva (Snake:3)
  5 titans
  3 acid blobs
  3 ancient champions (Crypt:3)
  2 eldritch tentacles
  12 Executioners (Pan)
  A sphinx (Vaults:5)
  5 storm dragons
  3 tengu reavers
  2 warmongers (Pan)
  An iron dragon (Vaults:5)
  3 blood saints (Pan)
  A frost giant (Vaults:5)
  3 vault wardens (Vaults:5)
  4 fire giants
  9 balrugs (Pan)
  9 cacodemons (Pan)
  A ghoul (Crypt:3)
  3 reapers (Pan)
  A deep elf elementalist (Vaults:5)
  4 ironheart preservers
  A curse skull (Vaults:3)
  A war gargoyle (Zig:4)
  6 very ugly things
  A draconian annihilator (Pan)
  A green draconian (Depths:5)
  7 stone giants
  3 black suns (Pan)
  2 corrupters (Pan)
  4 deep elf annihilators
  4 lorocyprocas (Pan)
  A dire elephant (shapeshifter) (Vaults:5)
  An ettin (Depths:4)
  3 blizzard demons (Pan)
  2 death oozes (Slime:5)
  2 merfolk impalers (Shoals:4)
  2 yaktaur captains
  An eidolon (Crypt:3)
  The ghost of Jestus the Grappler, a journeyman TrMo (Lair:2)
  4 green deaths (Pan)
  4 jiangshi (Crypt:3)
  2 deep elf high priests (Vaults:5)
  3 naga warriors (Snake:4)
  6 great orbs of eyes
  2 ice dragons
  A vault guard (Vaults:5)
  2 monstrous demonspawn (Pan)
  3 hell beasts (Pan)
  An anaconda (Snake:4)
  A centaur warrior (Depths:2)
  2 hydras (Depths:1)
  A merfolk avatar (Shoals:4)
  A merfolk aquamancer (Shoals:2)
  2 ogre magi
  2 death knights
  3 two-headed ogres (Vaults:1)
  3 tengu warriors (Depths:1)
  2 vampire magi
  2 deep troll earth magi
  An orc high priest (Depths:4)
  A shock serpent (Pan)
  13 soul eaters (Pan)
  23 sun demons (Pan)
  A small abomination (Vaults:5)
  An iron troll (Zig:3)
  A shadow wraith (Pan)
  7 sixfirhies (Pan)
  A torturous demonspawn (Pan)
  A sea snake (Shoals:4)
  2 gelid demonspawn (Pan)
  8 skeletal warriors (Crypt:3)
  2 deep trolls (Vaults:5)
  3 shadow demons (Pan)
  A glowing orange brain (Slime:5)
  4 infernal demonspawn (Pan)
  4 wizards
  A flayed ghost (Depths:2)
  A tengu zombie (Zig:2)
  2 orc knights
  2 phantasmal warriors (Vaults:5)
  A harpy (Vaults:3)
  2 cyclopes
  2 deep elf magi
  An orc sorcerer (Depths:4)
  2 ugly things
  7 shining eyes
  4 manticores
  10 slime creatures
  2 elephants (Lair:5)
  2 rust devils
  2 water nymphs (Shoals:4)
  6 naga magi (Snake:4)
  2 merfolk sirens
  2 guardian serpents
  7 smoke demons (Pan)
  An eye of devastation (Slime:5)
  A black mamba (Snake:1)
  4 vault sentinels
  5 orange demons (Pan)
  4 large abominations (Pan)
  A hellion (Pan)
  A freezing wraith (Crypt:1)
  4 efreet (Pan)
  3 tengu conjurers
  6 hellwings (Pan)
  2 yaktaurs
  2 tormentors (Pan)
  16 red devils (Pan)
  7 merfolk
  A hornet (shapeshifter) (Vaults:5)
  A wind drake (Shoals:2)
  A bog body (Crypt:3)
  A human simulacrum (Vaults:3)
  A raiju (Zig:5)
  Grinder (D:3)
  2 water elementals
  2 flying skulls (Crypt:3)
  An air elemental (Zig:5)
  2 wraiths
  7 ynoxinuls (Pan)
  A shadow (D:12)
  A redback (Vaults:5)
  A wind drake zombie (Crypt:1)
  2 chaos spawn (Pan)
  A golden eye (Slime:2)
  15 neqoxecs (Pan)
  2 spatial vortices (Pan)
  An insubstantial wisp (Zig:5)
  7 nagas
  A spectral naga (Snake:3)
  A porcupine (shapeshifter) (Vaults:5)
  A floating eye (shapeshifter) (Vaults:5)
  4 orc warriors
  A black mamba simulacrum (Snake:3)
  A centaur (D:10)
  An ogre (Zig:3)
  A snapping turtle skeleton (Pan)
  A bullfrog (D:11)
  An elf skeleton (Crypt:3)
  A wyvern skeleton (Crypt:1)
  A shapeshifter zombie (Crypt:3)
  3 killer bees
  A troll skeleton (Crypt:3)
  A crimson imp (Depths:3)
  A human skeleton (Pan)
  An orc wizard (Zig:3)
  A shadow imp (D:11)
  An orc (Vaults:5)
  A ball python (Sewer)
  2 jackals (D:1)
  A jackal zombie (Crypt:1)
  An orc skeleton (Pan)
  A fire vortex (Pan)
  A spectral weapon (Depths:4)
456 creatures vanquished.

Vanquished Creatures (others)
  48 eldritch tentacles
  2 fire giants (Depths:3)
  A naga warrior (Snake:4)
  A water elemental (Shoals:2)
  A killer bee (D:11)
  An iron imp (Depths:3)
  15 ball lightnings (Pan)
  A fire vortex (Pan)
  7 fungi
  6 plants
  16 spectral weapons
  7 tentacles (Shoals:4)
106 creatures vanquished.

Grand Total: 2172 creatures vanquished

Notes
Turn   | Place    | Note
-------+----------+-------------------------------------------
     0 | D:1      | Lavandula the Halfling Enchanter began the quest for the
                  | Orb.
     0 | D:1      | Reached XP level 1. HP: 11/11 MP: 3/3
   249 | D:1      | Reached XP level 2. HP: 11/17 MP: 4/4
   253 | D:1      | Learned a level 2 spell: Ensorcelled Hibernation
   379 | D:2      | Found a radiant altar of Vehumet.
   811 | D:2      | Became a worshipper of Vehumet
   836 | D:2      | Noticed a phantom
   901 | D:2      | Reached XP level 3. HP: 19/21 MP: 0/5
   972 | D:3      | Found a runed door.
  1003 | D:3      | Learned a level 1 spell: Animate Skeleton
  1005 | D:3      | Noticed Thaneod's ghost (weakling DEIE)
  1021 | D:3      | Found a runed door.
  1078 | D:3      | Learned a level 1 spell: Summon Small Mammal
  1241 | D:3      | Noticed Natasha
  1252 | D:3      | Found an ancient bone altar of Kikubaaqudgha.
  1358 | D:3      | Reached skill level 1 in Summonings
  1417 | D:3      | Killed Natasha
  1417 | D:3      | Reached XP level 4. HP: 27/27 MP: 6/6
  1652 | D:2      | Reached * piety under Vehumet
  1652 | D:2      | Offered knowledge of Sandblast by Vehumet.
  1652 | D:2      | Reached skill level 2 in Spellcasting
  1699 | D:3      | Reached XP level 5. HP: 31/31 MP: 6/8
  1794 | D:3      | Learned a level 3 spell: Dazzling Spray
  1988 | D:4      | Noticed an orc warrior
  2049 | D:3      | Reached XP level 6. HP: 31/36 MP: 6/10
  2099 | D:3      | Noticed Grinder
  2120 | D:3      | Paralysed by Grinder for 2 turns
  2126 | D:3      | Killed Grinder
  2126 | D:3      | Reached XP level 7. HP: 19/41 MP: 2/11
  2131 | D:3      | Learned a level 3 spell: Confuse
  2187 | D:3      | Noticed Natasha
  2195 | D:3      | Killed Natasha
  2244 | D:5      | Entered Level 5 of the Dungeon
  2706 | D:5      | Found an iron altar of Okawaru.
  2837 | D:5      | Reached XP level 8. HP: 41/46 MP: 6/12
  2849 | D:5      | Found a glowing drain.
  2866 | Sewer    | Entered a sewer
  2884 | Sewer    | Reached ** piety under Vehumet
  2898 | Sewer    | Offered knowledge of Sting by Vehumet.
  2906 | Sewer    | Learned a level 1 spell: Sting
  3014 | Sewer    | Reached skill level 1 in Poison Magic
  3102 | Sewer    | Offered knowledge of Inner Flame by Vehumet.
  3349 | D:6      | Reached *** piety under Vehumet
  3395 | D:6      | Found a transporter.
  3432 | D:6      | Noticed a kobold demonologist
  3442 | D:6      | Found a transporter.
  3479 | D:6      | Killed a kobold demonologist
  3479 | D:6      | Reached XP level 9. HP: 23/51 MP: 13/13
  3550 | D:6      | Reached skill level 5 in Hexes
  3700 | D:6      | Found a staircase to the Ecumenical Temple.
  3808 | D:6      | Found Genucoxt's Book Shoppe.
  3860 | D:6      | Offered knowledge of Conjure Flame by Vehumet.
  3925 | D:7      | Reached skill level 3 in Spellcasting
  3943 | D:7      | Found a white marble altar of Elyvilon.
  3978 | D:7      | Reached skill level 4 in Spellcasting
  3985 | D:7      | Learned a level 3 spell: Conjure Flame
  4116 | D:8      | Reached skill level 1 in Fighting
  4313 | D:8      | Found a blossoming altar of Fedhas.
  4415 | D:8      | Reached skill level 1 in Evocations
  4470 | D:8      | Noticed a hippogriff
  4477 | D:8      | Killed a hippogriff
  4477 | D:8      | Reached XP level 10. HP: 52/63 MP: 13/16
  4636 | D:10     | Entered Level 10 of the Dungeon
  4664 | D:9      | Reached skill level 10 in Short Blades
  4717 | D:10     | Found Rarr's Jewellery Shoppe.
  4719 | D:10     | Noticed a gargoyle
  4731 | D:9      | Reached skill level 5 in Dodging
  4929 | D:9      | Learned a level 1 spell: Apportation
  5015 | D:10     | Killed a gargoyle
  5015 | D:10     | Reached skill level 5 in Fighting
  5084 | D:10     | Reached **** piety under Vehumet
  5142 | D:10     | Offered knowledge of Airstrike by Vehumet.
  5175 | D:10     | Reached XP level 11. HP: 59/74 MP: 12/17
  5333 | D:10     | Noticed a deep elf mage
  5394 | D:11     | Reached skill level 5 in Spellcasting
  5470 | D:11     | Noticed a two-headed ogre
  5480 | D:11     | Killed a two-headed ogre
  5488 | D:11     | Noticed a manticore
  5511 | D:11     | Found Kagiuxkyl's Food Shop.
  5536 | D:11     | Reached skill level 6 in Spellcasting
  5610 | D:11     | Got a slimy plate armour
  5625 | D:11     | Reached ***** piety under Vehumet
  5663 | D:11     | Offered knowledge of Lee's Rapid Deconstruction by Vehumet.
  5849 | D:11     | Noticed a four-headed hydra
  5904 | D:11     | Killed a four-headed hydra
  6027 | D:11     | Killed a manticore
  6423 | D:11     | Noticed an ice dragon
  6451 | D:11     | Reached XP level 12. HP: 63/80 MP: 21/21
  6513 | D:12     | Noticed a soul eater
  6571 | D:12     | Reached skill level 5 in Evocations
  6711 | D:12     | Noticed a death knight
  6712 | D:12     | Noticed a skeletal warrior
  6785 | D:12     | Found a flagged portal.
  6792 | Bailey   | Entered a bailey
  7417 | D:13     | Noticed a centaur warrior
  7419 | D:13     | Noticed an unseen horror
  7422 | D:13     | Noticed an ogre mage
  7434 | D:13     | Killed a centaur warrior
  7528 | D:13     | Offered knowledge of Iskenderun's Battlesphere by Vehumet.
  7528 | D:13     | Reached skill level 10 in Fighting
  7599 | D:13     | Killed an ogre mage
  7636 | D:13     | Killed an unseen horror
  7666 | D:13     | Identified Nihionn's Collected Works on Ice
  7772 | D:13     | Reached XP level 13. HP: 97/97 MP: 22/22
  7808 | D:14     | Noticed a catoblepas
  7937 | D:14     | Noticed a centaur warrior
  7957 | D:14     | Killed a centaur warrior
  8080 | D:14     | Noticed a centaur warrior
  8096 | D:14     | Killed a centaur warrior
  8117 | D:14     | Found Rinnataq's Antique Armour Shop.
  8341 | D:14     | Killed a catoblepas
  8358 | D:14     | Learned a level 6 spell: Freezing Cloud
  8442 | D:14     | Noticed a centaur warrior
  8461 | D:14     | Killed a centaur warrior
  8501 | D:15     | Entered Level 15 of the Dungeon
  8630 | D:12     | Found a staircase to the Orcish Mines.
  8637 | Orc:1    | Entered Level 1 of the Orcish Mines
  8660 | Orc:2    | Entered Level 2 of the Orcish Mines
  8993 | D:6      | Bought a Young Poisoner's Handbook for 440 gold pieces
  8998 | D:6      | Learned a level 4 spell: Olgreb's Toxic Radiance
  9172 | D:12     | Reached skill level 7 in Spellcasting
  9191 | D:12     | Reached skill level 8 in Spellcasting
  9191 | D:12     | Reached XP level 14. HP: 94/108 MP: 13/26
  9326 | Orc:1    | Found a roughly hewn altar of Beogh.
  9391 | Orc:2    | Reached skill level 1 in Conjurations
  9599 | Orc:2    | Found a staircase to the Elven Halls.
  9704 | Orc:2    | Noticed a stone giant
  9929 | Orc:1    | Killed a stone giant
  9929 | Orc:1    | Offered knowledge of Irradiate by Vehumet.
 10285 | Orc:2    | Learned a level 5 spell: Irradiate
 10300 | Orc:2    | Found Rec Ipa's Magic Scroll Boutique.
 10318 | Orc:2    | Reached XP level 15. HP: 103/113 MP: 8/27
 10322 | Orc:2    | Found Imun's General Store.
 10362 | Orc:2    | Reached skill level 1 in Transmutations
 10719 | Orc:2    | !!!
 10962 | Orc:2    | Reached skill level 5 in Conjurations
 11224 | Orc:2    | Found Xeucock's Gadget Emporium.
 11224 | Orc:2    | Found a one-way gate leading to the halls of Pandemonium.
 11224 | Orc:2    | Found Qiacy's Antique Weapon Shoppe.
 11270 | Orc:2    | Bought a scroll of identify for 28 gold pieces
 11270 | Orc:2    | Bought a scroll of teleportation for 42 gold pieces
 11270 | Orc:2    | Bought a scroll of random uselessness for 14 gold pieces
 11270 | Orc:2    | Bought a scroll of amnesia for 49 gold pieces
 11270 | Orc:2    | Bought a scroll of identify for 28 gold pieces
 11272 | Orc:2    | Bought a +0 pair of boots of flying for 126 gold pieces
 11272 | Orc:2    | Bought a scroll of amnesia for 38 gold pieces
 11287 | Orc:2    | Learned a level 3 spell: Mephitic Cloud
 11380 | Orc:1    | Found Niskual's Weapon Shop.
 11419 | Orc:2    | Found a runed door.
 11421 | Orc:2    | Found the +10 large shield of Ignorance {rN+ Int-4}
 11749 | D:6      | Bought a book of Spatial Translocations for 715 gold pieces
 11753 | D:6      | Learned a level 2 spell: Blink
 12050 | D:10     | Found a staircase to the Lair.
 12055 | Lair:1   | Entered Level 1 of the Lair of Beasts
 12178 | Lair:2   | Reached skill level 1 in Translocations
 12313 | Lair:3   | Offered knowledge of Iron Shot by Vehumet.
 12319 | Lair:3   | Reached ****** piety under Vehumet
 12369 | Lair:4   | Found a staircase to the Snake Pit.
 12463 | Lair:4   | You are sucked into a shaft for 2 floors!
 12463 | Lair:6   | Entered Level 6 of the Lair of Beasts
 12547 | Lair:6   | Reached skill level 5 in Translocations
 12775 | Lair:6   | Reached skill level 5 in Air Magic
 12810 | Lair:6   | Found a burning altar of Makhleb.
 12952 | Lair:6   | Identified the ring "Nuodoer" {rF+ MR++ AC+3}
 12963 | Lair:6   | Found a gateway to Hell.
 13095 | Lair:5   | Found a staircase to the Slime Pits.
 13389 | Lair:3   | Reached XP level 16. HP: 91/119 MP: 14/28
 13389 | Lair:3   | Reached skill level 5 in Long Blades
 13424 | Lair:3   | Noticed Nergalle
 13433 | Lair:3   | Killed Nergalle
 13451 | Lair:3   | Noticed Rupert
 13478 | Lair:3   | Killed Rupert
 13536 | Lair:3   | Offered knowledge of Conjure Ball Lightning by Vehumet.
 13549 | Lair:3   | Learned a level 2 spell: Shroud of Golubria
 13598 | Lair:3   | Upgraded the game from 0.23-a0-625-g1d2cd9b to
                  | 0.23-a0-629-gae4348f
 13736 | Lair:2   | Found a runed door.
 13739 | Lair:2   | Noticed Jestus's ghost (journeyman TrMo)
 13833 | Lair:2   | Found a staircase to the Shoals.
 13848 | Shoals:1 | Entered Level 1 of the Shoals
 14169 | Shoals:2 | Found Wirewiq's Mayhem Merchandise.
 14545 | Shoals:3 | Noticed Kirke
 14577 | Shoals:3 | Killed Kirke
 14577 | Shoals:3 | Reached skill level 10 in Long Blades
 14622 | Shoals:3 | Noticed Polyphemus
 14696 | Shoals:4 | Entered Level 4 of the Shoals
 14833 | Shoals:3 | Offered knowledge of Bolt of Cold by Vehumet.
 15183 | Shoals:4 | Reached XP level 17. HP: 69/125 MP: 16/29
 15537 | Shoals:4 | Got a barnacled rune of Zot
 15553 | Shoals:4 | Noticed a kraken
 15818 | Lair:1   | Offered knowledge of Spellforged Servitor by Vehumet.
 15987 | D:6      | Bought a book of Battle for 440 gold pieces
 16206 | Snake:1  | Entered Level 1 of the Snake Pit
 16243 | Snake:1  | Noticed Nikola
 16302 | Snake:1  | Killed Nikola
 16302 | Snake:1  | Reached skill level 9 in Spellcasting
 16606 | Snake:2  | Reached skill level 10 in Spellcasting
 16738 | Snake:3  | Found a runed gate.
 16739 | Snake:3  | Found a runed gate.
 16739 | Snake:3  | Found a runed gate.
 16787 | Snake:3  | Noticed KatCrap's ghost (adept CeAM)
 16817 | Snake:4  | Entered Level 4 of the Snake Pit
 16822 | Snake:3  | Found Yfriatzi's General Store.
 17218 | Snake:3  | Bought a potion of magic for 120 gold pieces
 17218 | Snake:3  | Bought a scroll of silence for 112 gold pieces
 17218 | Snake:3  | Bought a scroll of identify for 30 gold pieces
 17277 | Snake:4  | Reached skill level 11 in Spellcasting
 17289 | Snake:4  | Learned a level 7 spell: Spellforged Servitor
 17521 | Snake:4  | Offered knowledge of Lehudib's Crystal Spear by Vehumet.
 17521 | Snake:4  | Offered knowledge of Fire Storm by Vehumet.
 17521 | Snake:4  | Offered knowledge of Ignition by Vehumet.
 17556 | Snake:4  | Reached XP level 18. HP: 77/131 MP: 33/33
 17747 | Snake:4  | Reached skill level 12 in Spellcasting
 17837 | Snake:4  | Learned a level 3 spell: Regeneration
 17874 | Snake:4  | Reached skill level 1 in Charms
 18078 | Snake:4  | Reached skill level 5 in Charms
 18204 | Snake:4  | Reached skill level 1 in Necromancy
 18215 | Snake:4  | Gained mutation: You are dopey. (Int -2) [mutagenic glow]
 18822 | D:13     | Found a gate to the Vaults.
 18883 | Vaults:1 | Entered Level 1 of the Vaults
 19019 | Vaults:2 | Found Zatuw's Magic Scroll Emporium.
 19086 | Vaults:2 | Bought a scroll of enchant weapon for 90 gold pieces
 19086 | Vaults:2 | Bought a scroll of enchant weapon for 90 gold pieces
 19168 | Vaults:2 | Reached XP level 19. HP: 102/136 MP: 23/35
 19410 | Vaults:3 | Noticed a lich
 19415 | Vaults:3 | Found a staircase to the Crypt.
 19422 | Vaults:3 | Killed a lich
 19430 | Crypt:1  | Entered Level 1 of the Crypt
 19647 | Vaults:3 | Noticed Sojobo
 19672 | Vaults:3 | Gained mutation: Potions are less effective at restoring
                  | your health. [mutagenic glow]
 19691 | Vaults:3 | Killed Sojobo
 19691 | Vaults:3 | Reached skill level 13 in Spellcasting
 19764 | Vaults:3 | Learned a level 3 spell: Spectral Weapon
 19912 | Vaults:3 | Gained mutation: You expend magic power (3 MP) to
                  | strengthen your wands. [mutagenic glow]
 20238 | Vaults:3 | Reached skill level 14 in Spellcasting
 20757 | Vaults:1 | Identified First Steps in Secret Knowledge
 20996 | D:15     | Reached XP level 20. HP: 129/143 MP: 35/38
 21004 | D:15     | Learned a level 4 spell: Summon Lightning Spire
 21103 | D:15     | Found a staircase to the Depths.
 21142 | Depths:1 | Entered Level 1 of the Depths
 21172 | Depths:1 | Lost mutation: You are dopey. (Int -2) [potion of mutation]
 21172 | Depths:1 | Lost mutation: Potions are less effective at restoring your
                  | health. [potion of mutation]
 21172 | Depths:1 | Lost mutation: You expend magic power (3 MP) to strengthen
                  | your wands. [potion of mutation]
 21527 | Depths:1 | Reached skill level 5 in Summonings
 21629 | Depths:1 | Found Ulexzonu's Food Boutique.
 21632 | Depths:1 | Found Eptaxaav's Distillery.
 21632 | Depths:1 | Found Byehy's General Store.
 21635 | Depths:1 | Found Toosav's Jewellery Shop.
 21646 | Depths:1 | Bought a potion of cancellation for 104 gold pieces
 21729 | Depths:1 | Found a gateway to a ziggurat.
 21847 | Depths:2 | Noticed a golden dragon
 21877 | Depths:2 | Killed a golden dragon
 21984 | Depths:1 | Reached skill level 10 in Conjurations
 22220 | Depths:2 | Noticed a tentacled monstrosity
 22222 | Depths:2 | Noticed a golden dragon
 22390 | Depths:2 | Noticed a tentacled monstrosity
 22424 | Depths:2 | Killed a tentacled monstrosity
 22446 | Depths:2 | Reached XP level 21. HP: 89/148 MP: 19/39
 22449 | Depths:2 | Learned a level 1 spell: Summon Butterflies
 22764 | Depths:2 | Reached skill level 10 in Dodging
 23020 | Depths:2 | Noticed a caustic shrike
 23037 | Depths:2 | Killed a caustic shrike
 23098 | Depths:2 | Reached skill level 1 in Shields
 23269 | Depths:2 | Identified a scroll of acquirement
 23282 | Depths:2 | Got a pair of twisted boots
 23293 | Depths:2 | Identified the +0 pair of boots of Dice, Bag, and Bottle
                  | {Str+2 Dex+4} (You acquired it on level 2 of the Depths)
 23373 | Depths:2 | Killed a golden dragon
 23373 | Depths:2 | Reached skill level 5 in Shields
 23681 | Depths:5 | Entered Level 5 of the Depths
 23734 | Depths:5 | Found Jutteot's General Store.
 23770 | Depths:5 | Found a gate to the Realm of Zot.
 24062 | Depths:4 | Found a runed door.
 24219 | Depths:4 | Noticed a caustic shrike
 24293 | Depths:4 | Noticed a juggernaut
 24360 | Depths:4 | Noticed Mennas
 24385 | Depths:4 | Killed Mennas
 24411 | Depths:4 | Noticed a golden dragon
 24458 | Depths:4 | Killed a golden dragon
 24458 | Depths:4 | Reached XP level 22. HP: 115/154 MP: 4/40
 24784 | Depths:4 | Killed a juggernaut
 24914 | Depths:4 | Identified the ring "Neegeury" {*Corrode rN++ Dex+6 Stlth+}
 24965 | Depths:4 | Identified the +2 robe "Jyremin" {-Cast rElec MP+9 Stlth+}
 24988 | Depths:4 | Found a one-way gate to the infinite horrors of the Abyss.
 24990 | Depths:4 | Noticed a juggernaut
 25126 | Depths:4 | Killed a juggernaut
 25126 | Depths:4 | Reached skill level 15 in Spellcasting
 25140 | Depths:4 | Learned a level 8 spell: Lehudib's Crystal Spear
 25154 | Depths:4 | Reached skill level 1 in Earth Magic
 25449 | Depths:4 | Killed a caustic shrike
 25790 | Depths:3 | Reached skill level 5 in Earth Magic
 25976 | Depths:1 | Bought a scroll of acquirement for 1144 gold pieces
 26006 | Depths:1 | Upgraded the game from 0.23-a0-629-gae4348f to
                  | 0.23-a0-635-g88ca12a
 26267 | Lair:2   | Killed Jestus's ghost
 26273 | Lair:2   | Identified the ring of Panentheism {*Contam rF+ rC+ Int+4}
                  | (You acquired it on level 2 of the Lair of Beasts)
 26509 | Slime:1  | Entered Level 1 of the Pits of Slime
 26795 | Slime:2  | Reached XP level 23. HP: 127/160 MP: 36/42
 26986 | Slime:3  | Reached skill level 10 in Earth Magic
 26988 | Slime:3  | Gained mutation: Your body sometimes deteriorates upon
                  | taking damage. [mutagenic glow]
 27078 | Slime:5  | Entered Level 5 of the Pits of Slime
 27292 | Slime:5  | Noticed the Royal Jelly
 27377 | Slime:5  | Found a viscous altar of Jiyva.
 27380 | Slime:5  | Found the amulet of the Four Winds {rN+ MR+++ Clar}
 27773 | Slime:5  | Killed the Royal Jelly
 27796 | Slime:5  | Got a slimy rune of Zot
 27878 | Slime:5  | Lost mutation: Your body sometimes deteriorates upon taking
                  | damage. [potion of mutation]
 27901 | Slime:5  | Learned a level 6 spell: Deflect Missiles
 28197 | Vaults:2 | Bought a scroll of blinking for 90 gold pieces
 28197 | Vaults:2 | Bought a scroll of teleportation for 36 gold pieces
 28295 | Vaults:5 | Entered Level 5 of the Vaults
 28295 | Vaults:5 | Noticed a golden dragon
 28324 | Vaults:5 | Killed a golden dragon
 28324 | Vaults:5 | Noticed a golden dragon
 28327 | Vaults:5 | Reached XP level 24. HP: 165/165 MP: 42/42
 28340 | Vaults:5 | Killed a golden dragon
 28385 | Vaults:5 | Reached skill level 16 in Spellcasting
 28543 | Vaults:5 | Learned a level 4 spell: Passage of Golubria
 28653 | Vaults:5 | Identified the Catalogue of Dislocated Venom
 29015 | Vaults:5 | Got a silver rune of Zot
 29094 | Vaults:5 | Reached skill level 17 in Spellcasting
 29147 | Vaults:5 | Noticed a golden dragon
 29148 | Vaults:5 | Identified the +6 broad axe "Jiobuem" {holy, rElec}
 29170 | Vaults:5 | Killed a golden dragon
 29318 | Vaults:5 | Noticed an ancient lich
 29339 | Vaults:5 | Killed an ancient lich
 29608 | Crypt:3  | Entered Level 3 of the Crypt
 29763 | Crypt:3  | Noticed a curse toe
 29772 | Crypt:3  | Noticed Frederick
 29786 | Crypt:3  | Killed Frederick
 29786 | Crypt:3  | Reached XP level 25. HP: 142/170 MP: 39/44
 29905 | Crypt:3  | Gained mutation: Scrolls take you a little longer to read.
                  | [mutagenic glow]
 30105 | Crypt:3  | Noticed an ancient lich
 30124 | Crypt:3  | Killed an ancient lich
 30127 | Crypt:3  | Noticed an ancient lich
 30127 | Crypt:3  | Noticed an ancient lich
 30160 | Crypt:3  | Killed an ancient lich
 30160 | Crypt:3  | Reached skill level 10 in Summonings
 30167 | Crypt:3  | Killed an ancient lich
 30179 | Crypt:3  | Gained mutation: Your spells are a little easier to cast,
                  | but a little less powerful. [mutagenic glow]
 30220 | Crypt:3  | Identified the Incunabulum of Unholy Arts
 30243 | Crypt:3  | Identified the cursed +1 dagger "Miuhahiate" {pain, Int+7
                  | Dex+3} (You found it on level 3 of the Crypt)
 30256 | Crypt:3  | Found a transporter.
 30257 | Crypt:3  | Noticed Hah Honi's ghost (adept GrFi)
 30260 | Crypt:3  | Found a transporter.
 30397 | Crypt:3  | Found a staircase to the Tomb.
 30402 | Tomb:1   | Entered Level 1 of the Tomb of the Ancients
 31184 | D:6      | Bought a Grand Grimoire for 1214 gold pieces
 31192 | D:6      | Learned a level 7 spell: Malign Gateway
 31584 | Snake:3  | Killed KatCrap's ghost
 31690 | Snake:4  | Got a serpentine rune of Zot
 32131 | Zig:1    | Entered Level 1 of a ziggurat
 32149 | Zig:2    | Entered Level 2 of a ziggurat
 32173 | Zig:3    | Entered Level 3 of a ziggurat
 32208 | Zig:4    | Entered Level 4 of a ziggurat
 32303 | Zig:5    | Entered Level 5 of a ziggurat
 32388 | Zig:5    | Identified the +9 chain mail "Heodeamu" {-Tele *Corrode
                  | rElec rN++} (You found it on level 5 of a ziggurat)
 32406 | Zig:6    | Entered Level 6 of a ziggurat
 32421 | Zig:6    | Noticed Wuhups the pandemonium lord
 32434 | Zig:6    | Identified Sif Muna's Compendium of Entrancing Good Luck
 32564 | Pan      | Entered Pandemonium
 32752 | Pan      | Noticed Ustru the pandemonium lord
 32847 | Pan      | Killed Ustru the pandemonium lord
 32915 | Pan      | Noticed Poudgh the pandemonium lord
 33107 | Pan      | Killed Poudgh the pandemonium lord
 33674 | Pan      | Found an exit through the horrors of the Abyss.
 33741 | Pan      | Reached XP level 26. HP: 178/178 MP: 33/44
 34254 | Pan      | Gained mutation: You are occasionally teleported next to
                  | monsters. [mutagenic glow]
 34316 | Pan      | Killed Allogg the pandemonium lord
 34633 | Pan      | Entered the realm of Cerebov.
 34633 | Pan      | Identified the +6 sword of Cerebov {flame}
 34633 | Pan      | Noticed Cerebov
 34738 | Pan      | Found an exit through the horrors of the Abyss.
 34829 | Pan      | HP: 6/178 [Brimstone Fiend/damnation (55)]
 34986 | Pan      | Identified the +4 chain mail "Usatuo" {rF+}
 35008 | Pan      | Identified the +9 trident "Qenwined" {pierce, rPois MR-
                  | Str+3}
 35119 | Pan      | Identified the +8 long sword "Voha" {venom, rElec rN+ Int+3
                  | Dex-5}
 35150 | Pan      | Identified the ring of Pessimism {Int+3 Dex+4} (You
                  | acquired it in Pandemonium)
 35208 | Pan      | Identified the +3 fire dragon scales of the Purple Skies
                  | {rF++ rC- Regen+} (You found it in Pandemonium)
 35470 | Pan      | Killed Cerebov
 35525 | Pan      | Got a fiery rune of Zot
 35581 | Pan      | Entered the realm of Mnoleg.
 35583 | Pan      | Upgraded the game from 0.23-a0-635-g88ca12a to
                  | 0.23-a0-636-g0ff6057
 35755 | Pan      | Noticed Mnoleg
 35884 | Pan      | Killed Mnoleg
 35884 | Pan      | Reached skill level 15 in Summonings
 35920 | Pan      | Got a glowing rune of Zot
 35961 | Pan      | Entered the realm of Gloorx Vloq.
 36095 | Pan      | Found an exit through the horrors of the Abyss.
 36365 | Pan      | Noticed Gloorx Vloq
 36497 | Pan      | Reached XP level 27. HP: 176/183 MP: 29/44
 36884 | Pan      | Got a dark rune of Zot
 37136 | Pan      | Found a runed door.
 37137 | Pan      | Found a runed door.
 37165 | Pan      | Noticed Faed the pandemonium lord
 37209 | Pan      | Killed Faed the pandemonium lord
 37228 | Pan      | Found a runed door.
 37249 | Pan      | Found a runed door.
 37510 | Pan      | Noticed Ugoazuto the pandemonium lord
 37522 | Pan      | Entered the realm of Lom Lobon.
 37765 | Pan      | Noticed Lom Lobon
 37794 | Pan      | Got a magical rune of Zot
 37794 | Pan      | Mangled by a titan

Vault maps used:
D:1:      eino_arrival_druids_welcome, minmay_misc_feat_four_crosses
D:2:      fiery_altar_vehumet, lemuel_doored_altar
D:3:      lemuel_round_altar, ebering_ghost_sewer_f, minmay_misc_feat_room,
          uniq_natasha, uniq_grinder
D:4:      bloody_makhleb
D:5:      kennysheep_mini, lemuel_coloured_pillars_altar, old_standard_altar,
          first_ration, cheibrodos_sewer_entry_bend, kennysheep_small_spiral
D:6:      gammafunk_wand_slinger, minmay_temple_entry_mist, serial_shops,
          nicolae_shop_statue_plus, corexii_item_surrounded_by_moat,
          sigmund_army
D:7:      elyvilon_altar_3, lemuel_round_altar, kennysheep_mini_moat,
          grunt_ogre_cave, uniq_pikel
D:8:      argonaut_augean_stables, minmay_misc_feat_iff, fedhas_altar_3
D:9:      lemuel_insect_pit, hex_medium
D:10:     lair_entry_dummy, gammafunk_ghost_necromancy, serial_shops,
          nicolae_shop_stone
D:11:     portal_ice_cave_entry_animals_and_master, serial_shops,
          nicolae_shop_stone
D:12:     orc_0_dummy, enter_bailey_2
D:13:     lightli_vaults_fourway_checkpoint, minmay_mirror_moons_of_madness
D:14:     serial_shops, nicolae_shop_waterfront, hangedman_ru_absence
D:15:     grunt_enter_depths_snipers, chequers_big_river, serial_shops, shop,
          uniq_josephine
Lair:1:   fungi_pond_lemuel
Lair:2:   elwin_shoals_entry_rocks, ebering_ghost_reflecting_pool
Lair:3:   forest_entry_grove, uniq_nergalle, uniq_rupert
Lair:4:   minmay_snake_entry_six_corridors, lemuel_fruit_tree,
          lemuel_fruit_fields
Lair:5:   minmay_slime_entry_pillars, grunt_megastairs_5
Lair:6:   evil_forest
Shoals:2: minmay_shop_mayhem, nicolae_shoals_wave_tunnel
Shoals:3: uniq_kirke, uniq_polyphemus
Shoals:4: shoals_end_grunt_ice
Snake:1:  uniq_nikola
Snake:2:  grunt_ministairs_9, minmay_shop_grove, serial_bayou_shore_a
Snake:3:  serial_shops, shop, shop, gammafunk_ghost_necromancy
Snake:4:  snake_pit, st_stairs_6
Slime:3:  cheibrodos_slime_lost_civilization_3
Slime:4:  nicolae_slime_jelly_donut
Orc:1:    serial_shops, nicolae_shop_temple_entry_statues_fountains,
          mines1_david
Orc:2:    pf_orc_diabolical, chequers_guarded_unrand_ignorance
Vaults:1: vaults_mumra_minichess, vaults_mumra_hex,
          nicolae_vaults_specimen_jars, hangedman_vaults_capsules,
          nicolae_vaults_mini_display_case, v_alt_pattern_5, vaults_dpeg_hooks,
          ontoclasm_vaults_decontamination
Vaults:2: nicolae_vaults_angled_halls, nicolae_vaults_know_your_exits, v_misc_4,
          v_pattern_4, hangedman_vaults_river_flow, nicolae_vaults_rhombus_6,
          nicolae_vaults_network_quinsquares, v_misc_30,
          hangedman_vaults_stream, nicolae_vaults_diagonal_hallway_8,
          vaults_mumra_lcd, ontoclasm_vaults_pinch, nicolae_vaults_gold_heap,
          serial_shops, shop, uniq_boris
Vaults:3: ontoclasm_vaults_spin, minmay_crypt_entry_nasty_monster,
          nicolae_vaults_border_crossing, vaults_dpeg_cross, v_misc_8,
          ontoclasm_vaults_bender, nicolae_vaults_stairing_the_circle,
          v_misc_18, nicolae_vaults_little_squares_6, uniq_sojobo
Vaults:4: vaults_dpeg_ring, v_rooms_4, vaults_room_pool,
          nicolae_vaults_network_periphery, v_rooms_4, kb_rosetta,
          nicolae_vaults_angled_halls, ontoclasm_vaults_idyll, v_misc_19,
          v_rooms_2, vaults_room_corners, v_misc_12, enter_trove_2
Vaults:5: serial_shops
Crypt:1:  lemuel_minitomb, st_stairs_1
Crypt:2:  uniq_khufu
Crypt:3:  david_glass_crypt, nicolae_tomb_entry_rubble_hallway,
          gammafunk_ghost_arena, uniq_frederick
Depths:1: enter_ziggurat_f, hangedman_coc_ice_floe,
          chequers_serial_rivers_small_3, serial_sigils_hangedman_scratch,
          minmay_librarian, minmay_shoptagon
Depths:2: nicolae_legendary_halls, hell_entry, grunt_pan_entry_sceptre,
          kennysheep_cross_bottleneck
Depths:3: evilmike_marble_ring, grunt_hell_entry_dis_old,
          rand_demon_pan_entry_4, abyss_entry, minmay_misc_feat_roman,
          grunt_ministairs_1, minmay_staircase_statues
Depths:4: box_level_dp, abyss_entry, hell_entry, uniq_mennas
Depths:5: grunt_crosshair, ebering_ghost_disaster_area, abyss_entry_crystal,
          hell_entry, serial_shops, shop_fountains, hangedman_decor_opposing,
          uniq_enchantress
Pan:      grunt_pan_zigzag, special_room, evilmike_mini_pan_doors_b,
          evilmike_mini_pan_doors, evilmike_mini_pan_thingy,
          evilmike_mini_pan_pillars_b, pan_blood_fountain,
          evilmike_mini_pan_pillars, evilmike_mini_pan_thingy,
          evilmike_mini_pan_doors_b, pan_blood_fountain_2, evilmike_mini_pan_T,
          nicolae_pan_sigil_obb, reaverb_pan_figure_eight,
          evilmike_mini_pan_pillars, nicolae_pan_sigil_eeng,
          nicolae_pan_door_chamber, pan_blood_fountain_small,
          cerebov_grunt_fire_and_steel, mnoleg, pan_blood_fountain_small,
          gloorx_vloq_st, nicolae_pan_gloorx_vloqian_4, rand_demon_7,
          pan_blood_fountain, nicolae_pan_sick_transit, nicolae_pan_sigil_eeng,
          grunt_pan_pentagram, lom_lobon_spiral_st, pan_blood_fountain,
          uniq_gloorx_vloq
Sewer:    sewer_frog_island_02
Bailey:   bailey_polearm_2, bailey

Skill      XL: |  1  2  3  4  5  6  7  8  9 10 11 12 13 14 15 16 17 18 19 20 21 22 23 24 25 26 27 |
---------------+----------------------------------------------------------------------------------+-----
Short Blades   | 2 3 4 6 8 9 10 | 10.2
Summonings     | 1 7 8 11 15 16 | 16.9
Spellcasting   | 2 4 6 8 11 12 14 15 17 | 17.7
Poison Magic   | 3 |  3.1
Hexes          | 4 5 |  5.0
Dodging        | 4 7 9 13 | 13.4
Fighting       | 3 6 12 14 | 14.2
Evocations     | 2 4 5 |  5.6
Armour         | 4 |  4.6
Air Magic      | 4 6 |  6.7
Ice Magic      | 4 |  4.6
Conjurations   | 4 6 8 10 11 12 13 | 13.5
Transmutations | 3 |  3.0
Translocations | 6 9 |  9.0
Long Blades    | 4 12 13 | 13.1
Charms         | 5 |  5.0
Necromancy     | 3 |  3.3
Shields        | 5 |  5.6
Earth Magic    | 8 11 | 11.3
Stealth        | |  3.2

Action                   |  1- 3 |  4- 6 |  7- 9 | 10-12 | 13-15 | 16-18 | 19-21 | 22-24 | 25-27 || total
-------------------------+-------+-------+-------+-------+-------+-------+-------+-------+-------++-------
Melee: Dagger            |    94 |   111 |   321 |   577 |   556 |    29 |    26 |       |     2 ||  1716
       Demon blade       |       |       |       |       |   103 |   717 |   591 |   866 |   851 ||  3128
       Long sword        |       |       |       |       |       |       |       |       |    16 ||    16
Throw: Throwing net      |       |       |       |       |       |     5 |     1 |       |       ||     6
 Cast: Corona            |    15 |     3 |       |       |       |       |       |       |       ||    18
       Ensorcelled Hiber |    11 |     4 |    17 |    46 |    46 |       |       |       |       ||   124
       Summon Small Mamm |     2 |    12 |     3 |     8 |     6 |     5 |     3 |       |       ||    39
       Dazzling Spray    |       |     4 |     9 |    14 |    66 |     7 |       |       |       ||   100
       Confuse           |       |       |    21 |    65 |    26 |       |       |       |       ||   112
       Sting             |       |       |    11 |       |       |       |       |       |       ||    11
       Conjure Flame     |       |       |       |     7 |     2 |     1 |       |     1 |       ||    11
       Animate Skeleton  |       |       |       |    10 |       |    83 |    59 |    30 |    21 ||   203
       Apportation       |       |       |       |       |    60 |    30 |    37 |    32 |    91 ||   250
       Olgreb's Toxic Ra |       |       |       |       |    87 |    64 |    75 |    19 |     3 ||   248
       Freezing Cloud    |       |       |       |       |    12 |    56 |    44 |    16 |       ||   128
       Irradiate         |       |       |       |       |     8 |    44 |    39 |    45 |    66 ||   202
       Mephitic Cloud    |       |       |       |       |     5 |    35 |    45 |     6 |       ||    91
       Shroud of Golubri |       |       |       |       |       |    11 |    27 |    28 |     8 ||    74
       Blink             |       |       |       |       |       |     4 |    12 |     6 |    10 ||    32
       Regeneration      |       |       |       |       |       |    11 |    55 |    41 |    54 ||   161
       Spectral Weapon   |       |       |       |       |       |       |    32 |    28 |    13 ||    73
       Summon Lightning  |       |       |       |       |       |       |    49 |    27 |     8 ||    84
       Spellforged Servi |       |       |       |       |       |       |     3 |    42 |    91 ||   136
       Summon Butterflie |       |       |       |       |       |       |       |     3 |       ||     3
       Deflect Missiles  |       |       |       |       |       |       |       |     5 |     3 ||     8
       Malign Gateway    |       |       |       |       |       |       |       |       |    54 ||    54
       Passage of Golubr |       |       |       |       |       |       |       |       |    23 ||    23
 Abil: Stop Flying       |       |       |       |       |       |     3 |     1 |       |       ||     4
       Evoke Flight      |       |       |       |       |       |     3 |       |       |       ||     3
Evoke: Wand              |       |       |     6 |    12 |     6 |     4 |    16 |    10 |     8 ||    62
       Lightning rod     |       |       |       |       |       |       |     3 |     8 |       ||    11
       Lamp of fire      |       |       |       |       |       |       |       |     2 |     2 ||     4
       Fan of gales      |       |       |       |       |       |       |       |     1 |       ||     1
       Box of beasts     |       |       |       |       |       |       |       |     1 |       ||     1
       Phial of floods   |       |       |       |       |       |       |       |     1 |     2 ||     3
       Staff of energy   |       |       |       |       |       |       |       |       |    14 ||    14
  Use: Scroll            |       |       |     8 |     8 |    11 |    14 |    10 |    24 |    32 ||   107
       Potion            |       |       |     1 |     2 |     3 |     5 |     8 |     8 |     6 ||    33
 Stab: Sleeping          |     9 |     3 |    24 |    25 |    16 |     2 |     1 |     4 |     2 ||    86
       Invisible         |       |     2 |     4 |    14 |    22 |     3 |       |       |       ||    45
       Confused          |       |       |     4 |    19 |    18 |    20 |    25 |     3 |       ||    89
       Distracted        |       |       |       |     1 |     2 |     7 |     9 |    13 |    24 ||    56
       Petrified         |       |       |       |       |       |     1 |       |       |       ||     1
       Held in net/web   |       |       |       |       |       |     1 |       |       |       ||     1
       Petrifying        |       |       |       |       |       |       |       |       |     1 ||     1
  Eat: Chunk             |     1 |     2 |    12 |    14 |    24 |    28 |    31 |    20 |    18 ||   150
       Ration            |     1 |       |       |     1 |     3 |     9 |     2 |     8 |    19 ||    43
Armor: Robe              |     7 |     9 |    20 |    48 |    12 |       |       |       |       ||    96
       Skin              |       |       |     4 |       |       |       |       |       |       ||     4
       Troll leather arm |       |       |       |       |   101 |   203 |   135 |   173 |   271 ||   883
Dodge: Dodged            |    54 |    66 |   178 |   571 |   720 |   809 |   516 |   663 |  1057 ||  4634
       Deflected         |       |       |       |       |       |       |       |    17 |    25 ||    42
Block: Buckler           |       |       |       |       |       |       |    46 |   248 |   558 ||   852
       Rpst.: Demon blade |       |       |       |       |    46 |   154 |    98 |   139 |   200 ||   637
       Long sword        |       |       |       |       |       |       |       |       |     1 ||     1

Table legend:
 A = Non-vault XP
 B = Vault XP
 C = Vault XP percentage of total XP
 D = Non-vault monster count
 E = Vault monster count
 F = Vault count percentage of total count
                 A         B        C        D         E       F
            +---------+---------+-------+---------+---------+-------
      Total |  540353 |  563801 |  51.1 |    1286 |     746 |  36.7
            +---------+---------+-------+---------+---------+-------
        D:1 |      38 |       0 |   0.0 |      20 |       0 |   0.0
        D:2 |      37 |       0 |   0.0 |       9 |       0 |   0.0
        D:3 |     245 |     257 |  51.2 |      26 |       2 |   7.1
        D:4 |     304 |       0 |   0.0 |      16 |       0 |   0.0
        D:5 |     198 |       5 |   2.5 |      12 |       1 |   7.7
        D:6 |     520 |     547 |  51.3 |      16 |       7 |  30.4
        D:7 |     747 |       0 |   0.0 |      12 |       0 |   0.0
        D:8 |    1051 |    1240 |  54.1 |      16 |       6 |  27.3
        D:9 |    1538 |     199 |  11.5 |      14 |       1 |   6.7
       D:10 |    3020 |       0 |   0.0 |      34 |       0 |   0.0
       D:11 |    5631 |    1807 |  24.3 |      43 |      29 |  40.3
       D:12 |    5272 |       0 |   0.0 |      42 |       0 |   0.0
       D:13 |    6595 |    9040 |  57.8 |      28 |      19 |  40.4
       D:14 |   10802 |       0 |   0.0 |      28 |       0 |   0.0
       D:15 |    8876 |    1926 |  17.8 |      19 |       2 |   9.5
     Lair:1 |     852 |       0 |   0.0 |       3 |       0 |   0.0
     Lair:2 |    3262 |     769 |  19.1 |      10 |       1 |   9.1
     Lair:3 |    8071 |    4972 |  38.1 |      27 |       9 |  25.0
     Lair:4 |     818 |    1585 |  66.0 |       3 |      14 |  82.4
     Lair:5 |    4154 |     490 |  10.6 |      13 |       2 |  13.3
     Lair:6 |    3750 |    8470 |  69.3 |      13 |      24 |  64.9
   Shoals:1 |    2768 |     298 |   9.7 |       6 |       1 |  14.3
   Shoals:2 |    8462 |    2028 |  19.3 |      25 |       8 |  24.2
   Shoals:3 |    7524 |    4522 |  37.5 |      15 |       7 |  31.8
   Shoals:4 |    9454 |   12304 |  56.5 |      23 |      23 |  50.0
    Snake:1 |    7647 |    3598 |  32.0 |      18 |       1 |   5.3
    Snake:2 |    6155 |    1070 |  14.8 |      12 |       2 |  14.3
    Snake:3 |    8779 |    3809 |  30.3 |      17 |      11 |  39.3
    Snake:4 |   21932 |   27532 |  55.7 |      46 |      45 |  49.5
    Slime:1 |   13946 |       0 |   0.0 |      23 |       0 |   0.0
    Slime:2 |   12507 |       0 |   0.0 |       9 |       0 |   0.0
    Slime:3 |   11500 |       0 |   0.0 |      21 |       0 |   0.0
    Slime:4 |    8789 |       0 |   0.0 |      24 |       0 |   0.0
    Slime:5 |   15744 |   28357 |  64.3 |      45 |      12 |  21.1
      Orc:1 |    4616 |       0 |   0.0 |      14 |       0 |   0.0
      Orc:2 |    2981 |   16823 |  84.9 |      55 |      67 |  54.9
   Vaults:1 |   10883 |    4374 |  28.7 |      21 |       7 |  25.0
   Vaults:2 |   11539 |    8068 |  41.1 |      18 |      13 |  41.9
   Vaults:3 |   26295 |   27602 |  51.2 |      41 |      30 |  42.3
   Vaults:5 |   24012 |  105045 |  81.4 |      39 |      83 |  68.0
    Crypt:1 |    2479 |    1569 |  38.8 |      12 |       3 |  20.0
    Crypt:2 |    1744 |       0 |   0.0 |       6 |       0 |   0.0
    Crypt:3 |   21467 |   31864 |  59.7 |      39 |      14 |  26.4
   Depths:1 |   18189 |   24034 |  56.9 |      19 |      29 |  60.4
   Depths:2 |   31925 |   36868 |  53.6 |      48 |      24 |  33.3
   Depths:3 |   18517 |     960 |   4.9 |      21 |       2 |   8.7
   Depths:4 |   11968 |   74327 |  86.1 |      19 |      68 |  78.2
   Depths:5 |    3258 |    8735 |  72.8 |       5 |       7 |  58.3
        Pan |  138904 |  106127 |  43.3 |     217 |     103 |  32.2
      Zig:1 |    1196 |       0 |   0.0 |       2 |       0 |   0.0
      Zig:2 |     857 |       0 |   0.0 |       3 |       0 |   0.0
      Zig:3 |    1092 |       0 |   0.0 |       6 |       0 |   0.0
      Zig:4 |    3456 |       0 |   0.0 |       6 |       0 |   0.0
      Zig:5 |    3987 |       0 |   0.0 |       7 |       0 |   0.0
      Sewer |       0 |     310 | 100.0 |       0 |      43 | 100.0
     Bailey |       0 |    2270 | 100.0 |       0 |      26 | 100.0
            +---------+---------+-------+---------+---------+-------
